 Dungeon Crawl Stone Soup version 0.17.0 (webtiles) character file.

70 KINGKRU the Covered (level 4, -2/40 HPs)
             Began as a Hill Orc Fighter on Nov 17, 2015.
             Was a Follower of Trog.
             Slain by a goblin
             ... wielding a +0 dagger
              (4 damage)
             ... on level 2 of the Dungeon.
             The game lasted 00:05:35 (1687 turns).

KINGKRU the Covered (Hill Orc Fighter)              Turns: 1687, Time: 00:05:35

Health: -2/40      AC:  8    Str: 19    XL:     4   Next: 21%
Magic:  4/4        EV:  7    Int:  8    God:    Trog [*.....]
Gold:   110        SH: 10    Dex: 10    Spells: 0 memorised, 3 levels left

rFire  . . .     SeeInvis .     a - +0 long sword
rCold  . . .     Clarity  .     b - +0 scale mail
rNeg   . . .     SustAt   .     c - +1 shield
rPois  .         Gourm    .     (no helmet)
rElec  .         Spirit   .     (no cloak)
rCorr  .         Warding  .     h - +0 pair of gloves
rMut   +         Stasis   .     (no boots)
MR     .....                    l - amulet of resist mutation
Stlth  ..........               (no ring)
                                (no ring)

@: not resistant to hostile enchantments, extremely unstealthy
A: no striking features
a: Berserk, Burn Spellbooks, Renounce Religion


You were on level 2 of the Dungeon.
You worshipped Trog.
Trog was aware of your devotion.
You were not hungry.

You visited 1 branch of the dungeon, and saw 2 of its levels.

You collected 110 gold pieces.

Inventory:

Hand Weapons
 a - a +0 long sword (weapon)
Armour
 b - a +0 scale mail (worn)
 c - a +1 shield (worn)
 h - a +0 pair of gloves (worn)
Jewellery
 f - an uncursed amulet of stasis
 l - an amulet of resist mutation (around neck)
Scrolls
 j - 2 scrolls of identify
Potions
 e - a potion of cure mutation {unknown}
 k - 2 potions of resistance
 m - a potion of cancellation {unknown}
 n - a potion of curing {unknown}
 o - a potion of mutation {unknown}
 p - a potion of magic {unknown}
Comestibles
 g - a bread ration
 i - 2 meat rations


   Skills:
 + Level 4.1 Fighting
 + Level 2.6 Long Blades
 + Level 4.2 Armour
 + Level 0.8 Dodging
 + Level 3.7 Shields


You had 3 spell levels left.
You didn't know any spells.

Dungeon Overview and Level Annotations

Branches:
Dungeon (2/15)

Altars:
Trog

Annotations:
D:2 Ijyb


Message History

You barely miss the goblin.
The goblin is heavily wounded.
The goblin hits you but does no damage.
Ijyb zaps a wand.
The magic dart hits you!
* * * LOW HITPOINT WARNING * * *
You block the goblin's attack.
You closely miss the goblin.
The goblin is heavily wounded.
You block the goblin's attack. Ijyb hits you.
* * * LOW HITPOINT WARNING * * *
You block the goblin's attack. The goblin hits you but does no damage.
Ijyb zaps a wand.
The magic dart hits you!
* * * LOW HITPOINT WARNING * * *
Unknown command.
Read which item? (? for menu, Esc to quit)
As you read the scroll labeled MIPION RUGOHEI, it crumbles to dust.
The creatures around you are filled with an inner flame!
It was a scroll of immolation.
The goblin hits you but does no damage. The goblin hits you with a dagger.
You die...

... ... .. #. #. #.
################## #
#.........@g...... #
###...#...#gg.#...# #
#..................
#.#...#...#...#...#
#.................. ######
#.#####################.....
#.#####.## ##.# #....####
#........## ##.## #......##
#####.##..###.## #....#.##


You could see Ijyb (inner flame) and 2 goblins.

Vanquished Creatures
  2 adders (D:2)
  A giant gecko (D:1)
  A ball python (D:2)
  A giant cockroach (D:1)
  4 goblins
  2 hobgoblins
  11 jackals
  A quokka (D:2)
  6 bats
  10 giant newts (D:1)
  5 kobolds
  4 rats
48 creatures vanquished.

Notes
Turn   | Place    | Note
--------------------------------------------------------------
     0 | D:1      | KINGKRU the Hill Orc Fighter began the quest for the Orb.
     0 | D:1      | Reached XP level 1. HP: 19/19 MP: 1/1
    82 | D:1      | Reached XP level 2. HP: 20/27 MP: 2/2
   660 | D:1      | Reached XP level 3. HP: 30/33 MP: 3/3
  1264 | D:2      | Reached skill level 4 in Armour
  1387 | D:2      | Found a faded altar to an unknown god.
  1425 | D:2      | Became a worshipper of Trog the Wrathful
  1425 | D:2      | Reached * piety under Trog
  1465 | D:2      | Reached XP level 4. HP: 40/40 MP: 4/4
  1674 | D:2      | Noticed Ijyb
  1686 | D:2      | HP: 2/40 [Ijyb/wand of magic darts (6)]
  1687 | D:2      | Slain by a goblin

Action                   |  1- 3 |  4- 6 || total
-------------------------+-------+-------++-------
Melee: Long sword        |   156 |    42 ||   198
  Use: Potion            |     1 |       ||     1
       Scroll            |     5 |     1 ||     6
  Eat: Bread ration      |     1 |       ||     1
